 Dungeon Crawl Stone Soup version 0.32-a0-673-g3729bd50f8 (webtiles) character file.

Game seed: 11061963845784173072

1551 BubbleThief the Magician (level 8, -1/62 HPs)
             Began as a Mummy Necromancer on Mar 10, 2024.
             Was an Initiate of Kikubaaqudgha.
             Killed from afar by a steam dragon (27 damage)
             ... with a ball of steam
             ... on level 6 of the Dungeon.
             The game lasted 00:12:18 (5355 turns).

BubbleThief the Magician (Mummy Necromancer)        Turns: 5355, Time: 00:12:18

Health: -1/62      AC:  5    Str: 19    XL:     8   Next: 57%
Magic:  14/17      EV: 12    Int: 14    God:    Kikubaaqudgha [......]
Gold:   228        SH:  0    Dex: 13    Spells: 12/20 levels left

rFire   x . .        o - +0 scythe
rCold   + . .        (shield currently unavailable)
rNeg    + + +        a - +0 robe
rPois   ∞            (no helmet)
rElec   .            g - +2 cloak {Will+}
rCorr   .            (no gloves)
SInv    .            (no boots)
Will    ++...        (no amulet)
Stlth   ++           j - +6 ring of strength
HPRegen 0.30/turn    (no ring)
MPRegen 0.15/turn

%: faith
@: no status effects
A: cold resistance 1, negative energy resistance 3, torment resistance 2, heat
vulnerability 1, in touch with death 1, no potions, faith
a: Renounce Religion


You were on level 6 of the Dungeon.
You worshipped Kikubaaqudgha.
Kikubaaqudgha was noncommittal.
You visited 2 branches of the dungeon, and saw 8 of its levels.

You collected 228 gold pieces.

Inventory:

Hand Weapons
 o - a +0 scythe (weapon)
Missiles
 i - a throwing net
Armour
 a - a +0 robe (worn)
 g - a +2 cloak of willpower (worn)
 k - the +1 chain mail of the Spider Nest {Str+3}
   (You found it on level 2 of the Dungeon)

   Str+3:     It affects your strength (+3).
Jewellery
 j - a +6 ring of strength (left hand)
Wands
 l - a wand of polymorph (14)
 m - a wand of acid (12)
 n - a wand of warping (8)
Scrolls
 b - 5 scrolls of identify {unknown}
 c - a scroll of noise {unknown}
 d - 2 scrolls of revelation {unknown}
 e - 2 scrolls of teleportation {unknown}
 f - 2 scrolls of fear {unknown}
 h - a scroll of blinking {unknown}
 p - a scroll of acquirement {unknown}


   Skills:
 - Level 5.0 Fighting
 + Level 4.9 Polearms
 - Level 1.5 Dodging
 - Level 1.5 Stealth
 + Level 6.6 Spellcasting
 + Level 6.4 Necromancy


You had 12 spell levels left.
You knew the following spells:

 Your Spells              Type           Power      Damage    Failure   Level
a - Necrotise             Necr           100%       1d9       1%          1
b - Vampiric Draining     Necr           34%        2d8       3%          3
c - Animate Dead          Necr           34%        N/A       11%         4

Your spell library contained the following spells:

 Spells                   Type           Power      Damage    Failure   Level
 Curse of Agony           Necr           34%        N/A       28%         5
 Call Canine Familiar     Summ           4%         N/A       41%         3
 Dazzling Flash           Conj/Hex       8%         N/A       41%         3
 Sigil of Binding         Hex            4%         N/A       41%         3
 Volatile Blastmotes      Fire/Tloc      8%         2d10      41%         3
 Brom's Barrelling Bould  Conj/Erth      4%         2d3       83%         4
 Dimensional Bullseye     Hex/Tloc       2%         N/A       83%         4
 Fireball                 Conj/Fire      2%         3d4       99%         5
 Iskenderun's Battlesphe  Conj           4%         2d6       99%         5
 Conjure Ball Lightning   Conj/Air       2%         3x3d6     100%        6
 Starburst                Conj/Fire      2%         6d3       100%        6
 Orb of Destruction       Conj           2%         9d5       100%        7
 Maxwell's Capacitive Co  Air            2%         ∞         100%        8


Dungeon Overview and Level Annotations

Branches:
Dungeon (7/15)             Temple (1/1) D:6

Altars:
Ashenzari
Cheibriados
Dithmenos
Hepliaklqana
Kikubaaqudgha
Nemelex Xobeh
Okawaru
Qazlal
Ru
Sif Muna
Trog
Wu Jian
Xom
Yredelemnul

Shops:
D:1 (

Annotations:
D:4 Edmund, Grinder


Innate Abilities, Weirdness & Mutations

You are immune to poison.
Your flesh is cold resistant. (rC+)
You are immune to negative energy. (rN+++)
You are immune to unholy pain and torment.
You are vulnerable to heat. (rF-)
You are in touch with the powers of death.
You do not drink.
You have a special connection with the divine. (Faith)


Message History

There is a stone staircase leading up here.
You see here a +0 short sword.
Unknown command.
You climb upwards.
Your mindless puppet stays behind to rot.
You hear a distant slurping noise.
There is a stone staircase leading down here.
You start resting.
Your reaping aura is weakening.
You start resting.
Your reaping aura expires.
You start resting.
Magic restored.
You start resting.
HP restored.
You climb downwards.
The steam dragon breathes steam at you. The ball of steam hits you!!
The steam scalds you terribly!
You hear a shout!
There is a stone staircase leading up here.
You see here a +0 short sword.
Unknown command.
You are engulfed in a cloud of scalding steam.
The steam dragon bites you!
The steam dragon claws you but does no damage.
You climb upwards.
There is a stone staircase leading down here.
Unknown command.
Casting: Necrotise (safe; 1% risk of failure)
Confirm with . or Enter, or press ? or * to list all spells.
Aiming: Vampiric Draining (dangerous; 3% risk of failure)
Press: ? - help, Shift-Dir - straight line, f - steam dragon
Aim: a steam dragon You feel a surge of power!
You draw life force from the steam dragon!
You feel life coursing into your body. The steam dragon breathes steam at you.
The ball of steam hits you!! The steam scalds you terribly!
You die...
Kikubaaqudgha rasps: You have failed me!
Welcome... oblivion!

##########
#........#
#........########
#...............#
#...@...........#
#...D...........#
#########.......#
#.......#.......#
#.......#.......#
#.......#.......#
#.......#.......#
##......#.......###
##......##........#


You could see a steam dragon (catching breath).

Vanquished Creatures
  Sigmund (D:3)
  A water moccasin (D:5)
  A black bear (D:5)
  2 ice beasts
  An ogre (D:5)
  A centaur (D:6)
  A kobold brigand (D:5)
  A bullfrog (D:7)
  A scorpion (D:5)
  A howler monkey (D:5)
  3 bombardier beetles (D:6)
  A jelly (D:5)
  An orc priest (D:5)
  2 hounds (D:5)
  Natasha (thrice) (D:2)
  An iguana (D:5)
  An orc wizard (D:6)
  3 gnolls (D:2)
  9 adders
  A white imp (D:6)
  4 dart slugs
  A ribbon worm (D:2)
  13 orcs
  2 endoplasms
  2 giant cockroaches (D:2)
  7 goblins
  8 hobgoblins
  3 quokkas
  3 ball pythons
  5 bats
  3 frilled lizards
  7 kobolds
  8 rats
102 creatures vanquished.

Vanquished Creatures (collateral kills)
  A dart slug (D:2)
  A hobgoblin (D:2)
  A ball python (D:2)
  A frilled lizard (D:1)
  2 goblins (D:1)
  2 kobolds
  2 rats
10 creatures vanquished.

Vanquished Creatures (others)
  A kobold brigand (D:7)
  2 kobold zombies (D:7)
3 creatures vanquished.

Grand Total: 115 creatures vanquished

Notes
Turn   | Place    | Note
-------+----------+-------------------------------------------
     0 | D:1      | BubbleThief the Mummy Necromancer began the quest for the
                  | Orb.
     0 | D:1      | Reached XP level 1. HP: 13/13 MP: 4/4
   157 | D:1      | Reached XP level 2. HP: 20/20 MP: 0/6
   264 | D:1      | Reached skill level 1 in Fighting
   319 | D:1      | Found Xamoyl's Weapon Shoppe.
   820 | D:2      | Identified the +0 pair of gloves of the Hammering Gods
                  | {-Tele rPois Str+7}
   962 | D:2      | Reached XP level 3. HP: 26/26 MP: 5/7
  1024 | D:2      | Identified the +1 chain mail of the Spider Nest {Str+3}
  1035 | D:2      | Noticed Natasha
  1043 | D:2      | Killed Natasha
  1336 | D:2      | Reached XP level 4. HP: 33/33 MP: 5/9
  1595 | D:2      | Noticed Natasha
  1601 | D:2      | Killed Natasha
  2072 | D:2      | Noticed Natasha
  2077 | D:2      | Killed Natasha
  2078 | D:2      | Reached XP level 5. HP: 22/39 MP: 5/11
  2431 | D:3      | Learned a level 3 spell: Vampiric Draining
  2436 | D:3      | Learned a level 4 spell: Animate Dead
  2500 | D:3      | Reached skill level 5 in Necromancy
  2676 | D:3      | Identified the +0 robe "Kuqasch" {rF- Dex+3}
  2714 | D:3      | Noticed Sigmund
  2718 | D:3      | Killed Sigmund
  2719 | D:3      | Reached XP level 6. HP: 31/48 MP: 8/12
  3099 | D:4      | Noticed Edmund
  3152 | D:4      | Noticed Grinder
  3197 | D:5      | Entered Level 5 of the Dungeon
  3237 | D:5      | Noticed a water moccasin
  3246 | D:5      | Killed a water moccasin
  3375 | D:5      | Found a basalt altar of Yredelemnul.
  3443 | D:5      | Reached XP level 7. HP: 52/55 MP: 3/13
  3667 | D:5      | Reached skill level 5 in Fighting
  3915 | D:5      | Reached skill level 5 in Spellcasting
  4087 | D:5      | Found a shadowy altar of Dithmenos.
  4100 | D:5      | Found a shimmering altar of Xom.
  4214 | D:5      | Reached XP level 8. HP: 62/62 MP: 9/16
  4613 | D:6      | Found a staircase to the Ecumenical Temple.
  4620 | Temple   | Entered the Ecumenical Temple
  4623 | Temple   | Became a worshipper of Kikubaaqudgha
  5024 | D:6      | Found an iron altar of Okawaru.
  5355 | D:6      | Killed from afar by a steam dragon

Illustrated notes

Levels and vault maps discovered:
D:1:      dpeg_arrival_simpleton_a, layout_basic, serial_shops,
          nicolae_shop_crystal
D:2:      minmay_recursive_quarters, layout_loops_ring, corexii_shack,
          uniq_natasha
D:3:      layout_loops_ring, grunt_decor_clamped, uniq_sigmund
D:4:      lemuel_castle_with_subvaults [lemuel_castle_interior_original],
          layout_loops_ring, chequers_serial_rivers_small_a, corexii_shack,
          chequers_decorated_corner, uniq_edmund, uniq_grinder, uniq_ijyb
D:5:      layout_loops_ring, kennysheep_ying_yang, jmf_multi_god_temple2
D:6:      layout_gridville, general_overflow_altar, temple_green
D:7:      layout_basic, gammafunk_ghost_cemetery, uniq_pikel
Temple:   nicolae_temple_hex_pool

Skill      XL: |  1  2  3  4  5  6  7  8 |
---------------+-------------------------+-----
Spellcasting   | 3 4 5 6 |  6.6
Fighting       | 1 2 3 4 5 |  5.0
Necromancy     | 5 6 |  6.4
Polearms       | 2 3 4 |  4.9
Dodging        | |  1.5
Stealth        | |  1.5

Action                     |  1- 3 |  4- 6 |  7- 9 || total
---------------------------+-------+-------+-------++-------
  Melee: Unarmed           |     2 |       |       ||     2
         Dagger            |       |     3 |       ||     3
         Halberd           |       |     4 |    32 ||    36
   Cast: Necrotise         |    67 |    77 |    98 ||   242
         Vampiric Draining |       |     3 |     8 ||    11
         Animate Dead      |       |       |     1 ||     1
  Evoke: Wand              |       |     1 |       ||     1
 Armour: Robe              |    13 |    17 |    59 ||    89
  Dodge: Dodged            |    10 |    16 |    51 ||    77

Table legend: (Time is in decaauts)
 A = Elapsed time spent in this place.
 B = Non-inter-level travel time spent in this place.
 C = Inter-level travel time spent in this place.
 D = Time resting spent in this place.
 E = Time spent auto-exploring this place.
 F = Levels seen in this place.
 G = Mean time per level.
                   A        B        C        D        E       F      G
               +--------+--------+--------+--------+--------+-----+--------+
         Total |   5366 |   5157 |    209 |    139 |   4196 |   8 |  670.8 |
       Dungeon |   5359 |   5150 |    209 |    139 |   4196 |   7 |  765.6 |
        Temple |      6 |      6 |      0 |      0 |      0 |   1 |    6.0 |
               +--------+--------+--------+--------+--------+-----+--------+

Top non-repeatable levels by time:
     D:2: 1489 daAuts
     D:5: 1373 daAuts
     D:3: 832 daAuts
     D:1: 792 daAuts
     D:6: 751 daAuts
     D:4: 82 daAuts
     D:7: 37 daAuts
  Temple: 6 daAuts
